 Dungeon Crawl Stone Soup version 0.31-a0-836-g3ceb0a68c4 (webtiles) character file.

Game seed: 4189727572285606162

1773 mcwallace the Ruffian (level 8, 0/70 HPs)
             Began as a Yellow Draconian Shapeshifter on Sept 27, 2023.
             Was a Believer of Cheibriados.
             Slain by an orc warrior
             ... wielding a +0 glaive
              (19 damage)
             ... on level 7 of the Dungeon.
             The game lasted 00:13:51 (7640 turns).

mcwallace the Ruffian (DrSh)                        Turns: 7640, Time: 00:13:52

Health: 0/70       AC:  6    Str: 28    XL:     8   Next: 80%
Magic:  8/8        EV: 14    Int: 15    God:    Cheibriados [**....]
Gold:   322        SH:  0    Dex: 15    Spells: 7/7 levels left

rFire   . .          .
                       - Unarmed
rCold   + . .        (no shield)
rNeg    . . .        (body armour unavailable)
rPois   .            (helmet currently unavailable)
rElec   .            (cloak currently unavailable)
rCorr   +            (gloves currently unavailable)
SInv    .            (boots currently unavailable)
Will    .....        m - amulet of the acrobat
Stlth   +            l - ring of protection from cold
HPRegen 0.31/turn    p - +6 ring of strength
MPRegen 0.11/turn

%: acrobat
@: beast-form, very slow
A: beast (slay +3), spit acid, AC +6, unfitting armour, cold-blooded, acid
resistance
a: Breathe Acid, Begin Untransformation, Renounce Religion, Bend Time


You were on level 7 of the Dungeon.
You worshipped Cheibriados.
Cheibriados was pleased with you.
You were a hulking beast.
You visited 2 branches of the dungeon, and saw 8 of its levels.

You collected 322 gold pieces.


Innate Abilities, Weirdness & Mutations

You are a hulking beast.
Your limbs bulge with bestial killing power. (Slay +3)
You can spit globs of acid.
Your golden yellow scales are hard. (AC +6)
You cannot fit into any form of body armour.
You are cold-blooded and may be slowed by cold attacks.
You are resistant to acid. (rCorr)


   Skills:
 + Level 6.2 Fighting
 + Level 5.4 Dodging
 + Level 6.4 Unarmed Combat
 + Level 5.9 Shapeshifting


You had 7 spell levels left.
You didn't know any spells.
Your spell library contained the following spells:

 Spells                   Type           Power      Damage    Failure   Level
 Kiss of Death            Conj/Necr      0%         2d5       26%         1
 Confusing Touch          Hex            0%         N/A       63%         3
 Frozen Ramparts          Ice            0%         1d1       63%         3
 Summon Guardian Golem    Hex/Summ       0%         N/A       63%         3
 Dispel Undead            Necr           0%         3d6       95%         4
 Petrify                  Tmut/Erth      0%         N/A       95%         4
 Metabolic Englaciation   Hex/Ice        0%         N/A       100%        5
 Orb of Destruction       Conj           0%         9d5       100%        7
 Spellforged Servitor     Conj/Summ      0%         N/A       100%        7

Inventory:

Hand Weapons
 i - a +2 spear of flaming {polearm}
   (You found it on level 1 of the Dungeon)
Missiles
 d - 3 boomerangs {throwing}
 h - 72 stones {throwing}
 r - 13 poisoned darts {throwing}
 v - 2 throwing nets {=f!fthrowing}
 y - a curare-tipped dart {=fthrowing}
Jewellery
 l - a ring of protection from cold (left hand)
   (You found it on level 2 of the Dungeon)
 m - an amulet of the acrobat (around neck)
   (You found it on level 2 of the Dungeon)
 p - a +6 ring of strength (right hand)
   (You found it on level 3 of the Dungeon)
Talismans
 b - a beast talisman (active)
 c - a flux talisman
Wands
 a - a wand of iceblast (7)
   (You took it off a kobold on level 4 of the Dungeon)
 u - a wand of paralysis (25)
   (You took it off a gnoll on level 4 of the Dungeon)
Scrolls
 e - 2 scrolls of enchant armour
 g - 3 scrolls of teleportation {@r4}
 k - 3 scrolls of vulnerability {!r!r}
 n - 4 scrolls of enchant weapon
 q - 2 scrolls of immolation {!r!r}
 x - a scroll of brand weapon {unknown}
Potions
 f - 3 potions of curing {@q1}
 j - 2 potions of haste {@q3}
 o - 2 potions of enlightenment {unknown}
 s - a potion of degeneration {unknown}
 t - 2 potions of berserk rage {unknown}
 w - a potion of might {unknown}
 z - a potion of lignification {!q}

Dungeon Overview and Level Annotations

Branches:
Dungeon (7/15) Zot: 39922  Temple (1/1) D:5 Zot: 8929

Altars:
Ashenzari
Cheibriados
Dithmenos
Elyvilon
Fedhas
Gozag
Hepliaklqana
Kikubaaqudgha
Makhleb
Okawaru
Qazlal
Ru
Sif Muna
Trog
Uskayaw
Vehumet
Wu Jian
Xom
Zin
The Shining One

Shops:
D:6 *

Annotations:
D:6 exclusion: oklob plant

##....###............#
....### #.........#..#
...## ##.......#...#
..## #.....#..... .##
#####...... ##
###.....# # ###.....#
###.....###
###.......ho#
###.......###)# #
###........## #.).#
###.........## #..##
...........## ...#
...........# .###
............. .#
.............> .
รท.#############.


You could see an orc warrior.


Message History

Press: ? - help, Q - select action, (/) - cycle Shift-Dir - straight line, f - hound
Aim: a hound The mass of ice explodes!
The iceblast engulfs the hound!
You hear a shout! x2
You miss the hound. Your punch misses the hound.
The hound completely misses you. The hound bites you.
* * * LOW HITPOINT WARNING * * *
๐Ÿ˜ฑ HP[-3]
You take 3 damage, and now have 15/70 hp.
You hit the hound but do no damage. The hound bites you.
* * * LOW HITPOINT WARNING * * *
๐Ÿ˜ฑ HP[-4]
You take 4 damage, and now have 11/70 hp.
You hit the hound.
You kill the hound!
Cheibriados appreciates the change of pace.
Things that are here:
a +0 dagger {short}; a kobold skeleton; ๐Ÿ˜ฑ HP[+1]
You see here a +0 short sword {short}.
Items here: )) รทรท. ๐Ÿ˜ฑ HP[+1]
There is a stone staircase leading up here.
You climb upwards.
Level annotation: exclusion: oklob plant
There is a stone staircase leading down here. ๐Ÿ˜ฑ HP[+1] ๐Ÿ˜ฑ HP[+1] Partly explored, can't reach some places. ๐Ÿ˜Ž HP[+55]
Your hp is fully restored (70).
There is a stone staircase leading down here.
You climb downwards.
There is a stone staircase leading up here.
Found a stone staircase leading down.
The orc warrior shoots an arrow.
The arrow misses you.
The orc warrior shoots an arrow.
The arrow misses you.
The orc warrior shoots an arrow.
The arrow misses you.
The orc warrior shoots an arrow.
The arrow completely misses you.
An orc comes into view. It is wielding a +0 mace.
The orc warrior shoots an arrow.
The arrow misses you.
The orc warrior unwields a +0 orcbow.
The orc warrior wields a +0 glaive.
The orc warrior barely misses you.
You punch the orc warrior! You barely miss the orc warrior.
The orc warrior hits you with a +0 glaive!
The orc hits you with a +0 mace. ๐Ÿ˜• HP[-14]
You take 14 damage, and now have 56/70 hp.
You hit the orc warrior.
The orc warrior hits you with a +0 glaive!
The orc misses you.
You hear a shout! ๐Ÿ˜ฎ HP[-16]
You take 16 damage, and now have 40/70 hp.
MASSIVE DAMAGE!! (PAUSE)
You hear a shout!
You hear an angry hiss.
The orc warrior unwields a +0 glaive.
The orc warrior wields a +0 orcbow.
The orc warrior shoots an arrow.
The arrow closely misses you.
The orc throws a boomerang.
The boomerang closely misses you.
The orc warrior shoots an arrow.
The arrow completely misses you.
The orc throws a boomerang.
The boomerang hits you.
The orc warrior shoots an arrow.
The arrow barely misses you. ๐Ÿ˜ฎ HP[-4]
You take 4 damage, and now have 36/70 hp.
The orc warrior unwields a +0 orcbow.
The orc warrior wields a +0 glaive.
The orc warrior completely misses you. ๐Ÿ˜ฎ HP[+1]
You hit the orc warrior but do no damage.
The orc barely misses you.
The orc warrior hits you with a +0 glaive!
* * * LOW HITPOINT WARNING * * *
๐Ÿ˜จ HP[-11]
You take 11 damage, and now have 26/70 hp.
You barely miss the orc warrior.
The orc hits you from afar with a +0 trident.
* * * LOW HITPOINT WARNING * * *
๐Ÿ˜จ HP[-3]
You take 3 damage, and now have 23/70 hp.
You hit the orc warrior.
The orc hits you from afar with a +0 trident.
* * * LOW HITPOINT WARNING * * *
๐Ÿ˜จ HP[-5]
You take 5 damage, and now have 18/70 hp.
You punch the orc!
You kill the orc!
Cheibriados appreciates the change of pace.
The orc warrior barely misses you. The orc misses you. ๐Ÿ˜จ HP[+1]
Aiming: Iceblast
Press: ? - help, Q - select action, (/) - cycle Shift-Dir - straight line, f - orc
Aim: an orc, wielding a +0 trident and wearing a +0 leather armour The mass of ice explodes!
The iceblast engulfs the orc!
You kill the orc!
Cheibriados appreciates the change of pace.
You hear a shout!
The orc warrior closely misses you.
You hit the orc warrior. The orc warrior completely misses you.
You hit the orc warrior but do no damage.
The orc warrior hits you with a +0 glaive!!
You die...

Skill      XL: |  1  2  3  4  5  6  7  8 |
---------------+-------------------------+-----
Dodging        | 2 3 4 5 |  5.4
Fighting       | 2 3 4 5 6 |  6.2
Unarmed Combat | 4 5 6 |  6.4
Shapeshifting  | 4 5 |  5.9

Action                     |  1- 3 |  4- 6 |  7- 9 || total
---------------------------+-------+-------+-------++-------
  Melee: Unarmed           |   102 |   108 |   226 ||   436
         Tailslap          |     3 |    11 |    30 ||    44
         Punch             |     1 |     1 |     8 ||    10
Ability: Breathe Acid      |       |       |     1 ||     1
  Evoke: Wand              |       |       |     3 ||     3
    Use: Potion            |       |     1 |       ||     1
         Scroll            |       |       |     7 ||     7
   Stab: Sleeping          |       |     1 |     1 ||     2
 Armour: Skin              |    37 |    61 |   127 ||   225
  Dodge: Dodged            |    51 |    81 |   192 ||   324

Levels and vault maps discovered:
D:1:      dpeg_arrival_rooms_a, layout_basic, due_unseen_surprise
D:2:      layout_loops_ring, shapermc_ecumenical_altar_gd, grunt_ministairs_2,
          serial_bayou_lagoon_a, dk_noncrumbling_4,
          chequers_serial_rivers_micro_a
D:3:      layout_basic, mainiacjoe_overflow_alcove_4, uniq_jessica
D:4:      layout_basic, minitemple, serial_glass, glass_columns_a,
          glass_columns_a, serial_bayou_pond_b, minmay_fire_ice_demons
D:5:      layout_basic, minmay_temple_entry_offerings
D:6:      lemuel_slime, layout_layer_cave, grunt_qazlal_clouds, serial_shops,
          nicolae_shop_waterfront, serial_park_tiny_1
D:7:      layout_cave_pods, nemelex_dance_club_becter, lemuel_round_altar
Temple:   regret_index_temple_generic_petals

Notes
Turn   | Place    | Note
-------+----------+-------------------------------------------
     0 | D:1      | mcwallace the Draconian Shapeshifter began the quest for
                  | the Orb.
     0 | D:1      | Reached XP level 1. HP: 16/16 MP: 1/1
     0 | D:1      | magus.rc [v1.9.6]
   156 | D:1      | Reached skill level 2 in Dodging
   156 | D:1      | Reached XP level 2. HP: 23/23 MP: 2/2
   271 | D:1      | You pick up a book of Touch and begin reading...
   271 | D:1      | You add the spells Kiss of Death, Confusing Touch and
                  | Dispel Undead to your library.
   916 | D:2      | Reached XP level 3. HP: 29/29 MP: 3/3
  1041 | D:2      | Reached skill level 2 in Fighting
  1149 | D:2      | Found a faded altar of an unknown god.
  1519 | D:2      | Identified the +0 ring mail of Polish {rC+ Int+2}
  1807 | D:3      | Found a glowing silver altar of Zin.
  1987 | D:3      | Reached XP level 4. HP: 36/36 MP: 4/4
  2096 | D:3      | You pick up a book of Dangerous Friends and begin
                  | reading...
  2096 | D:3      | You add the spells Summon Guardian Golem, Orb of
                  | Destruction and Spellforged Servitor to your library.
  2180 | D:3      | Noticed Jessica
  2184 | D:3      | Killed Jessica
  2583 | D:4      | HP: 7/37 [gnoll/+0 halberd (9)]
  2747 | D:4      | Noticed an ogre
  2747 | D:4      | Noticed a kobold brigand
  2747 | D:4      | Noticed a black bear
  2759 | D:3      | Reached XP level 5. HP: 18/44 MP: 5/5
  2759 | D:3      | HP: 16/66 [ogre/+0 giant club (11)]
  2761 | D:3      | HP: 1/66 [ogre/+0 giant club (15)]
  2762 | D:3      | Killed an ogre
  2763 | D:3      | Reached skill level 3 in Fighting
  2763 | D:3      | Reached skill level 3 in Dodging
  2763 | D:3      | Reached skill level 4 in Unarmed Combat
  2946 | D:3      | Reached skill level 4 in Shapeshifting
  2951 | D:3      | Killed a black bear
  2952 | D:3      | Reached XP level 6. HP: 21/51 MP: 6/6
  3513 | D:4      | Reached skill level 4 in Fighting
  3556 | D:4      | Your scales start taking on a golden yellow colour.
  3556 | D:4      | Reached XP level 7. HP: 47/59 MP: 7/7
  3556 | D:4      | Gained mutation: You are resistant to acid. (rCorr) [Yellow
                  | Draconian growth]
  3752 | D:4      | Paralysed by a gnoll for 5 turns
  4462 | D:4      | Reached skill level 4 in Dodging
  4462 | D:4      | Reached skill level 5 in Unarmed Combat
  4564 | D:4      | Found a white marble altar of Elyvilon.
  4566 | D:4      | Found an ancient bone altar of Kikubaaqudgha.
  4581 | D:4      | Found a glowing golden altar of the Shining One.
  4810 | D:5      | Entered Level 5 of the Dungeon
  5036 | D:5      | Reached skill level 5 in Shapeshifting
  5233 | D:5      | Reached skill level 5 in Fighting
  5248 | D:5      | Reached XP level 8. HP: 54/68 MP: 8/8
  5393 | D:5      | Found a staircase to the Ecumenical Temple.
  5404 | D:5      | You pick up a book of Sloth and begin reading...
  5404 | D:5      | You add the spells Frozen Ramparts, Petrify and Metabolic
                  | Englaciation to your library.
  5580 | Temple   | Entered the Ecumenical Temple
  5603 | Temple   | Became a worshipper of Cheibriados the Contemplative
  5997 | D:6      | Reached skill level 5 in Dodging
  5997 | D:6      | Reached skill level 6 in Unarmed Combat
  6426 | D:6      | Found Diacuch's General Store.
  6581 | D:6      | Found a stormy altar of Qazlal.
  6653 | D:6      | Noticed an oklob plant
  6657 | D:6      | Reached * piety under Cheibriados
  7212 | D:7      | Reached ** piety under Cheibriados
  7213 | D:7      | Reached skill level 6 in Fighting
  7389 | D:7      | HP: 13/70 [steam dragon/ball of steam (16)]
  7416 | D:7      | HP: 15/70 [hound (4)]
  7640 | D:7      | Slain by an orc warrior

Vanquished Creatures
  A steam dragon (D:7)
  An ogre (D:3)
  A black bear (D:3)
  A phantom (D:5)
  3 kobold brigands
  3 scorpions
  5 wights (D:6)
  A crimson imp (D:4)
  3 hounds
  4 jellies
  An orc priest (D:7)
  A gnoll bouda (D:4)
  A sleepcap (D:5)
  Jessica (D:3)
  4 iguanas
  9 gnolls
  7 adders
  A white imp (D:4)
  3 ufetubi
  A worm (D:3)
  19 orcs
  23 endoplasms
  2 giant cockroaches
  4 goblins
  6 hobgoblins
  8 jackals
  21 kobolds
  2 quokkas (D:1)
  8 ball pythons
  2 bats
  2 frilled lizards (D:1)
  5 rats
154 creatures vanquished.

Table legend:
 A = Non-vault XP
 B = Vault XP
 C = Vault XP percentage of total XP
 D = Non-vault monster count
 E = Vault monster count
 F = Vault count percentage of total count
                 A         B        C        D         E       F
            +---------+---------+-------+---------+---------+-------
      Total |    2168 |     366 |  14.4 |     118 |      36 |  23.4
            +---------+---------+-------+---------+---------+-------
        D:1 |      40 |       0 |   0.0 |      25 |       0 |   0.0
        D:2 |      28 |      12 |  30.0 |      10 |       6 |  37.5
        D:3 |     356 |      39 |   9.9 |      16 |       2 |  11.1
        D:4 |     412 |     159 |  27.8 |      21 |       9 |  30.0
        D:5 |     538 |       0 |   0.0 |      19 |       0 |   0.0
        D:6 |     405 |     156 |  27.8 |      13 |      19 |  59.4
        D:7 |     389 |       0 |   0.0 |      14 |       0 |   0.0
            +---------+---------+-------+---------+---------+-------

Skill      XL: |  1  2  3  4  5  6  7  8 |
---------------+-------------------------+-----
Dodging        | 2 3 4 5 |  5.4
Fighting       | 2 3 4 5 6 |  6.2
Unarmed Combat | 4 5 6 |  6.4
Shapeshifting  | 4 5 |  5.9

Action                     |  1- 3 |  4- 6 |  7- 9 || total
---------------------------+-------+-------+-------++-------
  Melee: Unarmed           |   102 |   108 |   226 ||   436
         Tailslap          |     3 |    11 |    30 ||    44
         Punch             |     1 |     1 |     8 ||    10
Ability: Breathe Acid      |       |       |     1 ||     1
  Evoke: Wand              |       |       |     3 ||     3
    Use: Potion            |       |     1 |       ||     1
         Scroll            |       |       |     7 ||     7
   Stab: Sleeping          |       |     1 |     1 ||     2
 Armour: Skin              |    37 |    61 |   127 ||   225
  Dodge: Dodged            |    51 |    81 |   192 ||   324

Illustrated notes

Table legend:
 A = Kills in this place as a percentage of kills in the entire game.
 B = Kills by you in this place as a percentage of kills by you in the entire game.
 C = Kills by friends in this place as a percentage of kills by friends in the entire game.
 D = Other kills in this place as a percentage of other kills in the entire game.
 E = Experience gained in this place as a percentage of experience gained in the entire game.
 F = Experience gained in this place divided by the number of levels of this place that you have seen.
                   A       B       C       D       E      F
               +-------+-------+-------+-------+-------+----------------------
         Total | 100.0 | 100.0 |   N/A |   N/A | 100.0 | 316.8
       Dungeon | 100.0 | 100.0 |   N/A |   N/A | 100.0 | 362.0
               +-------+-------+-------+-------+-------+----------------------

Table legend: (Time is in decaauts)
 A = Elapsed time spent in this place.
 B = Non-inter-level travel time spent in this place.
 C = Inter-level travel time spent in this place.
 D = Time resting spent in this place.
 E = Time spent auto-exploring this place.
 F = Levels seen in this place.
 G = Mean time per level.
                   A        B        C        D        E       F      G
               +--------+--------+--------+--------+--------+-----+--------+
         Total |   8130 |   7550 |    580 |     68 |   6293 |   8 | 1016.2 |
       Dungeon |   8071 |   7548 |    523 |     68 |   6293 |   7 | 1153.0 |
        Temple |     59 |      3 |     56 |      0 |      0 |   1 |   59.0 |
               +--------+--------+--------+--------+--------+-----+--------+

Top non-repeatable levels by time:
     D:6: 2010 daAuts
     D:3: 1623 daAuts
     D:4: 1456 daAuts
     D:1: 875 daAuts
     D:2: 863 daAuts
     D:5: 860 daAuts
     D:7: 382 daAuts
  Temple: 59 daAuts
